 Dungeon Crawl Stone Soup version 0.30.1-9-gdf580d7c3d (webtiles) character file.

Game seed: 16880062789184303166

151 ringo67 the Covered (level 5, -5/49 HPs)
             Began as an Armataur Berserker on Sept 28, 2023.
             Was a Priest of Trog.
             Slain by an iguana (10 damage)
             ... on level 4 of the Dungeon.
             The game lasted 00:07:57 (3741 turns).

ringo67 the Covered (Armataur Berserker)            Turns: 3741, Time: 00:07:58

Health: -5/49      AC:  8    Str: 24    XL:     5   Next: 11%
Magic:  5/5        EV:  8    Int:  8    God:    Trog [***...]
Gold:   69         SH:  5    Dex:  9    Spells: 4/4 levels left

rFire   . . .        a - +0 hand axe
rCold   . . .        (no shield)
rNeg    . . .        d - +0 scale mail
rPois   .            (no helmet)
rElec   .            (no cloak)
rCorr   .            j - +0 pair of gloves
SInv    +            (no barding)
Will    ++...        e - amulet of reflection Stlth
                     p - ring of see invisible
HPRegen 1.28/turn    (no ring)
MPRegen 0.09/turn

%: reflection, roll
@: strong-willed, regenerating
A: large, rugged brown scales 3, deformed body, armoured tail, roll, long
tongue, awkward tongue
a: Renounce Religion, Berserk, Trog's Hand


You were on level 4 of the Dungeon.
You worshipped Trog.
Trog was most pleased with you.
You visited 1 branch of the dungeon, and saw 4 of its levels.

You collected 189 gold pieces.
You spent 120 gold pieces at shops.

Inventory:

Hand Weapons
 a - a +0 hand axe (weapon)
Missiles
 t - 9 poisoned darts (quivered)
Armour
 b - a +0 animal skin
 d - a +0 scale mail (worn)
 j - a +0 pair of gloves (worn)
Jewellery
 e - an amulet of reflection (around neck)
 f - a ring of ice
 p - a ring of see invisible (left hand)
Scrolls
 c - 3 scrolls of teleportation {unknown}
 g - a scroll of enchant armour {unknown}
 l - a scroll of torment {unknown}
 m - a scroll of poison {unknown}
 n - 2 scrolls of identify {unknown}
 q - a scroll of fear {unknown}
Potions
 h - a potion of mutation {unknown}
 i - a potion of degeneration {unknown}
 k - a potion of curing {unknown}
 o - 2 potions of brilliance {unknown}
 r - 2 potions of ambrosia {unknown}
 s - a potion of heal wounds {unknown}


   Skills:
 + Level 3.8 Fighting
 + Level 3.3 Axes
 + Level 4.1 Armour
 - Level 1.3 Dodging


You had 4 spell levels left.
You didn't know any spells.
Your spell library was empty.

Dungeon Overview and Level Annotations

Branches:
Dungeon (4/15)
 Temple: D:4-7

Altars:

Shops:
D:3 *


Innate Abilities, Weirdness & Mutations

You are completely covered in rugged brown scales. (AC +3, +7% HP)
Armour fits poorly on your strangely shaped body.
You have a long armoured tail.
You roll when moving toward enemies. (Rampage)
Your long tongue fully drains potion bottles. (2x potion effects)
Your tongue gives you trouble enunciating. (1.5x scroll delay)


Message History

You hit the iguana.
Your tail-slap misses the iguana.
The iguana is severely wounded.
The iguana bites you! x2
You are too injured to fight recklessly!
You are too injured to fight recklessly!
You are too injured to fight recklessly!
You are too injured to fight recklessly!
You are too injured to fight recklessly!
You closely miss the iguana.
Your tail-slap misses the iguana.
The iguana is severely wounded.
The iguana bites you but does no damage.
You hit the iguana.
The iguana is almost dead.
The iguana completely misses you.
You closely miss the iguana.
The iguana is almost dead.
You block the iguana's attack.
You hit the iguana.
The iguana is almost dead.
The iguana bites you!
* * * LOW HITPOINT WARNING * * *
You closely miss the iguana.
You tail-slap the iguana, but do no damage.
The iguana is almost dead.
The iguana barely misses you.
You barely miss the iguana.
The iguana is almost dead.
The iguana bites you but does no damage.
You completely miss the iguana.
Your tail-slap misses the iguana.
The iguana is almost dead.
You block the iguana's attack. The iguana bites you.
* * * LOW HITPOINT WARNING * * *
You barely miss the iguana.
The iguana is almost dead.
The iguana bites you!
* * * LOW HITPOINT WARNING * * *
Your skin crawls.
You feel strong-willed. The iguana bites you!
You die...

.. .. .. .#
.# .#
.########l#
........@.#
.......<..#
.##########


You could see an iguana.

Vanquished Creatures
  An orc priest (D:3)
  3 adders
  A worm (D:2)
  A dart slug (D:1)
  5 orcs
  7 bats
  An endoplasm (D:2)
  6 giant cockroaches
  3 goblins
  7 hobgoblins
  9 jackals (D:3)
  4 quokkas
  4 ball pythons
  3 frilled lizards
  8 kobolds
  21 rats
84 creatures vanquished.

Notes
Turn   | Place    | Note
-------+----------+-------------------------------------------
     0 | D:1      | ringo67 the Armataur Berserker began the quest for the Orb.
     0 | D:1      | Reached XP level 1. HP: 19/19 MP: 1/1
   251 | D:1      | You fall into a shaft and drop 1 floor!
   275 | D:2      | Reached XP level 2. HP: 26/26 MP: 2/2
   579 | D:1      | Reached skill level 3 in Armour
   844 | D:1      | Reached ** piety under Trog
   933 | D:1      | Reached XP level 3. HP: 33/33 MP: 3/3
  1485 | D:2      | Found the +3 giant club "Skullcrusher" {speed, Str+7}
  1790 | D:3      | Found Boremize's Assorted Antiques.
  1797 | D:3      | Bought a glowing moonstone ring for 120 gold pieces
  2146 | D:3      | Identified the +5 dagger "Hewuheng" {heavy, rF+ Will+
                  | Dex-4}
  2195 | D:3      | Reached XP level 4. HP: 39/40 MP: 4/4
  3224 | D:3      | Reached skill level 4 in Armour
  3455 | D:3      | Reached XP level 5. HP: 49/49 MP: 5/5
  3620 | D:3      | Reached *** piety under Trog
  3741 | D:4      | Slain by an iguana

Illustrated notes

Levels and vault maps discovered:
D:1:      minmay_arrival_cross, layout_loops_corners, minmay_tripent
D:2:      layout_loops_ring
D:3:      layout_basic, serial_shops, shop, minmay_rat_hole
D:4:      layout_loops_ring, nicolae_shop_i_like_big_books,
          palyth_stone_intersect

Skill      XL: |  1  2  3  4 |
---------------+-------------+-----
Fighting       | 3 |  3.8
Armour         | 3 4 |  4.1
Axes           | 3 |  3.3
Dodging        | |  1.3

Action                     |  1- 3 |  4- 6 || total
---------------------------+-------+-------++-------
  Melee: Hand axe          |   131 |   107 ||   238
         Tailslap          |    16 |    12 ||    28
 Invoke: Berserk           |       |     1 ||     1
         Trog's Hand       |       |     1 ||     1
 Armour: Scale mail        |    56 |    53 ||   109
         Animal skin       |     5 |       ||     5
  Dodge: Dodged            |    41 |    31 ||    72
  Block: Other             |    18 |    18 ||    36
